 Dungeon Crawl Stone Soup version 0.31-a0-237-g2d982f9f85 (webtiles) character file.

Game seed: 4103216147133228170

58 qw the Shooter (level 4, 0/26 HPs)
             Began as a Gargoyle Hexslinger on July 10, 2023.
             Slain by Terence
             ... wielding a +0 falchion
              (3 damage)
             ... on level 2 of the Dungeon.
             The game lasted 00:00:26 (986 turns).

qw the Shooter (Gargoyle Hexslinger)                 Turns: 986, Time: 00:00:26

Health: 0/26       AC:  5    Str: 11    XL:     4   Next: 2%
Magic:  5/5        EV: 12    Int: 14    God:
Gold:   95         SH:  0    Dex: 14    Spells: 4/5 levels left

rFire   . . .        a - +1 sling
rCold   . . .        (no shield)
rNeg    + . .        c - +0 robe
rPois   inf          (no helmet)
rElec   +            (no cloak)
rCorr   .            (no gloves)
SInv    .            (no boots)
Will    .....        (no amulet)
Stlth   +            (no ring)
HPRegen 0.24/turn    (no ring)
MPRegen 0.09/turn

%: no passive effects
@: no status effects
A: sickness immunity, AC +3, negative energy resistance 1, electricity
resistance, torment resistance 1, petrification resistance
a: no special abilities


You were on level 2 of the Dungeon.
You visited 1 branch of the dungeon, and saw 2 of its levels.

You collected 95 gold pieces.


Innate Abilities, Weirdness & Mutations

You are immune to sickness and miasma.
Your stone body is resilient. (AC +3)
You are immune to poison.
You resist negative energy. (rN+)
You are resistant to electric shocks. (rElec)
You are resistant to unholy torment.
You are immune to petrification.


   Skills:
 - Level 2.0 Fighting
 + Level 3.8 Ranged Weapons
 - Level 1.5 Dodging
 - Level 1.0 Spellcasting
 - Level 2.6 Hexes


You had 4 spell levels left.
You knew the following spells:

 Your Spells              Type           Power      Damage    Failure   Level
a - Slow                  Hex            32%        N/A       9%          1

Your spell library contained the following spells:

 Spells                   Type           Power      Damage    Failure   Level
 Inner Flame              Hex/Fire       4%         N/A       41%         3
 Portal Projectile        Hex/Tloc       8%         N/A       41%         3
 Cause Fear               Hex            4%         N/A       65%         4

Inventory:

Hand Weapons
 a - a +1 sling (weapon)
Armour
 c - a +0 robe (worn)
 h - a +0 robe of cold resistance
 i - a +0 cloak
Scrolls
 b - a scroll of vulnerability {unknown}
Potions
 d - 2 potions of attraction {unknown}
 e - a potion of curing
 f - a potion of haste {unknown}
 g - a potion of lignification {unknown}

Dungeon Overview and Level Annotations

Branches:
Dungeon (2/15)

Altars:

Annotations:
D:2 Terence


Message History

Terence is moderately wounded.
The bat barely misses you. Terence misses you.
You shoot a sling bullet. The sling bullet barely misses Terence.
The bat misses you. Terence closely misses you.
Terence hits you with a +0 falchion.
You shoot a sling bullet.
The sling bullet hits Terence but does no damage.
Terence is moderately wounded.
The bat hits you but does no damage. Terence hits you with a +0 falchion.
You shoot a sling bullet. The sling bullet hits Terence.
Terence is moderately wounded.
The bat hits you but does no damage. The bat misses you.
Terence hits you with a +0 falchion.
You shoot a sling bullet.
The sling bullet hits Terence but does no damage.
Terence is moderately wounded.
The bat closely misses you. Terence hits you with a +0 falchion.
The bat hits you but does no damage.
You shoot a sling bullet.
The sling bullet closely misses Terence.
The bat barely misses you. Terence barely misses you.
Terence closely misses you. The bat misses you.
You shoot a sling bullet.
The sling bullet hits Terence but does no damage.
Terence is moderately wounded.
The bat closely misses you. Terence completely misses you.
You shoot a sling bullet.
The sling bullet closely misses Terence.
The bat barely misses you. Terence hits you but does no damage.
You shoot a sling bullet. The sling bullet barely misses Terence.
The bat hits you but does no damage. Terence hits you with a +0 falchion.
You shoot a sling bullet.
The sling bullet completely misses Terence.
The bat barely misses you. Terence closely misses you.
The bat hits you but does no damage.
You shoot a sling bullet.
The sling bullet hits Terence but does no damage.
Terence is moderately wounded.
The bat misses you. The bat hits you. Terence hits you with a +0 falchion.
You die...

..#...%...####..#
#...#####.......# ##.#
...............%#####.##
.......................#
..(.............#.####..
................#.###...
....?.............##...#
.......@........##.....#
.......@b.......##.##..#
..........####.#...##..#
..........####...####..#
........<..##...##.....#
...#.....#.........###.#
## #####.........#####.#
##......#.####..#
###.......#..##..##
..................##


You could see Terence and a bat.

Vanquished Creatures
  3 adders
  A dart slug (D:1)
  3 orcs
  2 endoplasms (D:1)
  2 giant cockroaches
  4 goblins
  A hobgoblin (D:2)
  2 jackals (D:1)
  A quokka (D:2)
  2 ball pythons
  2 bats (D:1)
  A frilled lizard (D:2)
  A kobold (D:1)
  2 rats
27 creatures vanquished.

Notes
Turn   | Place    | Note
-------+----------+-------------------------------------------
     0 | D:1      | qw the Gargoyle Hexslinger began the quest for the Orb.
     0 | D:1      | Reached XP level 1. HP: 12/12 MP: 2/2
     0 | D:1      | 0 ||| qw: Version: 0.3-a-52-g30416fa
     0 | D:1      | 0 ||| qw: Game counter: 5114
     0 | D:1      | 0 ||| qw: Melee chars always use a shield: true
     0 | D:1      | 0 ||| qw: God list: Okawaru
     0 | D:1      | 0 ||| qw: Allow faded altars: false
     0 | D:1      | 0 ||| qw: Do Orc after clearing Dungeon:15 true
     0 | D:1      | 0 ||| qw: Do second Lair branch before Depths: true
     0 | D:1      | 0 ||| qw: Lair rune preference: random
     0 | D:1      | 0 ||| qw: Goals: Normal
     0 | D:1      | 0 ||| PLANNING D:1-11
   239 | D:1      | Reached XP level 2. HP: 15/16 MP: 3/3
   616 | D:1      | Reached skill level 3 in Ranged Weapons
   621 | D:1      | 621 ||| DROPPING amulet of magic regeneration.
   622 | D:1      | 622 ||| DRINKING 2 fuming ruby potions.
   623 | D:1      | 623 ||| DROPPING scroll of poison.
   637 | D:2      | 637 ||| STAIRDANCE
   644 | D:1      | Reached XP level 3. HP: 10/21 MP: 4/4
   692 | D:2      | 692 ||| STAIRDANCE
   877 | D:2      | Reached XP level 4. HP: 19/26 MP: 5/5
   966 | D:2      | Noticed Terence
   984 | D:2      | HP: 4/26 [Terence/+0 falchion (6)]
   986 | D:2      | Slain by Terence

Levels and vault maps discovered:
D:1:      ebering_trefoil_twist, layout_loops_ring
D:2:      layout_rooms, uniq_terence

Skill      XL: |  1  2  3 |
---------------+----------+-----
Ranged Weapons | 3 |  3.8
Fighting       | 2 |  2.0
Dodging        | |  1.5
Spellcasting   | |  1.0
Hexes          | |  2.6

Action                     |  1- 3 |  4- 6 || total
---------------------------+-------+-------++-------
   Fire: Sling             |    97 |    21 ||   118
    Use: Potion            |     1 |       ||     1
 Armour: Robe              |    22 |    11 ||    33
  Dodge: Dodged            |    51 |    26 ||    77

Table legend:
 A = Non-vault XP
 B = Vault XP
 C = Vault XP percentage of total XP
 D = Non-vault monster count
 E = Vault monster count
 F = Vault count percentage of total count
                 A         B        C        D         E       F
            +---------+---------+-------+---------+---------+-------
      Total |      84 |       0 |   0.0 |      27 |       0 |   0.0
            +---------+---------+-------+---------+---------+-------
        D:1 |      43 |       0 |   0.0 |      17 |       0 |   0.0
        D:2 |      41 |       0 |   0.0 |      10 |       0 |   0.0
            +---------+---------+-------+---------+---------+-------
